AoeStats
← zisuku

Enclosed

505716951Analyzed
1v1 RM · 2mo ago on Sep 10, 2026· 80m 5s· 2 players
Game mode
Random Map
Map size
Tiny (2 player)
Population
200
Speed
Normal
Resources
Standard
Victory
Conquest
Starting age
Dark Age
Ending age
Imperial Age
RankedLock teamsTeams togetherTeam positionsShared explorationLock speedFull tech treeHidden civsTurbo modeCheats
Victory
Defeat
🇵🇱 Saracens · Poland
1284
+15
vs
🇷🇴 Bengalis · Romania
1262
-15
zisuku
10:11 Feudal Age
10:22 Loom
14:46 Castle Age
13:16 Double-Bit Axe
13:55 Horse Collar
23:06 Fletching
24:26 Wheelbarrow
25:03 Gold Mining
26:07 Bodkin Arrow
32:47 Imperial Age
30:27 Heavy Plow
30:43 Paiks
31:56 Gold Shaft Mining
31:48 Husbandry
32:33 Hand Cart
32:54 Town Watch
33:39 Bracer
34:07 Ballistics
35:31 Bloodlines
36:24 Chemistry
35:05 Treadmill Crane
36:59 Padded Archer Armor
38:34 Bow Saw
38:06 Elite Elephant Archer
40:23 Conscription
41:06 Masonry
41:04 Siege Engineers
41:55 Leather Archer Armor
41:48 Scale Barding Armor
41:37 Pikeman
42:17 Squires
42:55 Scale Mail Armor
43:26 Ring Archer Armor
43:59 Halberdier
46:15 Town Patrol
52:58 Mahayana
59:05 Scale Barding Armor
59:32 Ring Archer Armor
59:12 Forging
62:15 Elite Battle Elephant
69:38 Sanctity
69:31 Redemption
72:07 Block Printing
80:06 Fervor
Biju
8:08 Loom
10:36 Feudal Age
14:32 Castle Age
14:11 Double-Bit Axe
14:07 Horse Collar
21:15 Scale Barding Armor
22:29 Forging
25:34 Wheelbarrow
26:50 Bow Saw
26:43 Heavy Plow
32:42 Imperial Age
29:59 Town Watch
33:02 Hand Cart
33:23 Onager
34:15 Counterweights
35:11 Bloodlines
35:02 Husbandry
35:26 Chain Barding Armor
35:42 Iron Casting
35:27 Gold Mining
35:21 Heavy Camel Rider
36:11 Light Cavalry
37:39 Hussar
39:02 Plate Barding Armor
42:08 Blast Furnace
46:07 Siege Onager
51:08 Chemistry
50:19 Masonry
79:21 Fletching
Connection lost

Rejoining the realm…

Still unreachable

The connection could not be restored.

Session expired

The server has moved on; the page needs a fresh start.